 Dungeon Crawl Stone Soup version 0.18.1-6-gd335043 (webtiles) character file.

9591 hannobal the Slicer (level 11, -17/150 HPs)
             Began as a Naga Artificer on May 14, 2016.
             Was a High Priest of Pakellas.
             Demolished by a komodo dragon (19 damage)
             ... on level 2 of the Lair of Beasts on May 17, 2016.
             The game lasted 00:58:07 (12723 turns).

hannobal the Slicer (Naga Artificer)               Turns: 12723, Time: 00:58:08

Health: -17/150    AC: 25    Str: 18    XL:     11   Next: 48%
Magic:  11/16      EV:  1    Int: 14    God:    Pakellas [*****.]
Gold:   572        SH:  0    Dex: 14    Spells: 1 memorised, 8 levels left

rFire  + . .     SeeInvis +     U - staff of air
rCold  . . .     Gourm    .     (armour currently unavailable)
rNeg   + + +     Faith    .     (no shield)
rPois  +         Spirit   .     (helmet currently unavailable)
rElec  +         Dismiss  .     (cloak currently unavailable)
rCorr  .         Reflect  .     (gloves currently unavailable)
SustAt .         Harm     .     (no barding)
MR     +....     NoTele   +     B - amulet of rage
Stlth  +++++.....               Z - ring "Ifean" {+Fly rN+ Str+3}
                                u - ring of protection from fire

@: tree-form, somewhat resistant to hostile enchantments, quite stealthy
A: (stinger 0), see invisible, clever 1, (deformed body), (poison resistance),
(slowness 0), slow metabolism 1, spit poison 2, AC +3
a: Spit Poison, Quick Charge, Device Surge, Renounce Religion, Evoke Berserk
Rage


You were on level 2 of the Lair of Beasts.
You worshipped Pakellas.
Pakellas was extremely pleased with you.
You were full.
You were a tree.
You visited 3 branches of the dungeon, and saw 11 of its levels.
You also visited: Sewer and Ossuary.

You collected 572 gold pieces.

Inventory:

Hand Weapons
 a - the +11 dagger of the Lurker {pain, +Fly Str+6 Stlth+}
   (You found it on level 4 of the Dungeon)

   In the hands of one skilled in necromantic magic, it inflicts extra damage on
   living creatures.
   It affects your strength (+6).
   It lets you fly.
   It makes you more stealthy.
 b - a +0 shortbow
 e - a +0 blowgun
 M - a +0 hunting sling
Missiles
 h - 4 tomahawks (quivered)
 j - 104 arrows
 A - 80 poisoned needles
 H - 36 sling bullets
Armour
 v - a +0 cloak (melded)
 E - a +0 pair of gloves (melded)
 F - a +1 leather armour (melded)
 X - a +0 helmet (melded)
Magical Staves
 U - an uncursed staff of air (weapon)
Rods
 w - a +6 lightning rod (12/12)
   (Pakellas gifted it to you in a sewer)
Jewellery
 u - a ring of protection from fire (left branch)
 B - an amulet of rage (around neck)
 W - an uncursed ring of ice
 Z - the ring "Ifean" (right branch) {+Fly rN+ Str+3}
   (You found it on level 1 of the Lair of Beasts)

   [ring of strength]

   It affects your strength (+3).
   It protects you from negative energy.
   It lets you fly.
Wands
 c - a wand of flame (6/48)
 d - a wand of enslavement (7/24)
 k - a wand of paralysis (10/24)
 l - a wand of iceblast (6/15)
 s - a wand of slowing (9/48)
 N - a wand of iceblast (5/15)
Scrolls
 i - 3 scrolls of identify
 q - 3 scrolls of enchant armour
 r - 9 scrolls of remove curse
 T - 7 scrolls of teleportation
 V - 2 scrolls of enchant weapon
 Y - a scroll of fog
Potions
 g - 7 potions of brilliance
 m - 2 potions of lignification
 o - a potion of might
 C - 3 potions of invisibility
 G - 3 potions of magic
 K - 2 potions of cancellation
 L - a potion of heal wounds
 O - 2 potions of curing
 R - 4 potions of agility
 S - 2 potions of flight
Miscellaneous
 p - a disc of storms
 y - a sack of spiders {used: 1}
Comestibles
 f - 9 bread rations
 n - a slice of pizza
 I - 6 fruits
 Q - 4 meat rations


   Skills:
 - Level 7.0 Fighting
 - Level 10.1 Short Blades
   Level 4.0 Polearms
 - Level 2.0 Armour
 + Level 5.9 Dodging
 - Level 7.1 Stealth
 - Level 5.5 Necromancy
 - Level 7.0 Evocations


You had 8 spell levels left.
You knew the following spells:

 Your Spells              Type           Power        Failure   Level  Hunger
a - Corpse Rot            Necr           N/A          4%          2    ###....


Dungeon Overview and Level Annotations

Branches:
Dungeon (8/15)             Temple (1/1) D:4            Lair (2/8) D:8

Altars:
Ashenzari
Cheibriados
Fedhas
Makhleb
Nemelex Xobeh
Okawaru
Pakellas
Qazlal
Ru
Xom
Yredelemnul
The Shining One

Annotations:
D:3 Bubs's ghost, novice FoFi


Innate Abilities, Weirdness & Mutations

You cannot wear boots.
((Your serpentine skin is tough (AC +3).))
You have supernaturally acute eyesight.
((Armour fits poorly on your strangely shaped body.))
((Your system is resistant to poisons.))
((You cover ground very slowly.))
You have a slow metabolism.
You can spit poison.
((Your tail ends in a poisonous barb.))
Your mind is acute. (Int +2)


Message History

The black mamba is heavily wounded.
The orb of electricity engulfs the yak.
The yak is moderately wounded.
The orb of electricity engulfs the yak.
You kill the yak!
Pakellas accepts your kill.
You feel your power returning.
The orb of electricity engulfs the komodo dragon.
The komodo dragon is severely wounded.
The orb of electricity engulfs the yak.
The yak is moderately wounded.
You hear a mighty clap of thunder!
The bolt of lightning hits the yak.
The yak is almost dead.
You hear a croak.
You hear an angry hiss.
The yak gores you but does no damage. The black mamba bites you!
* * * LOW HITPOINT WARNING * * *
The komodo dragon bites you!!
You die...
Pakellas says: Time to find a new assistant...

#...........#####.....##
...............#......##
.##...........#......##
#...........#......#
..................P##
..................###
.......).......%.##
.......^...##
.......l♣Y##
......aYSY.#
...........#
..........## .........§#
..........# ..........#
..........# ..........P


You could see a komodo dragon, a black mamba, 3 yaks and a friendly worker ant.

Vanquished Creatures
  A hydra (Lair:1)
  2 black mambas
  3 spiny frogs (Lair:1)
  2 komodo dragons (Lair:1)
  Grinder (D:5)
  3 blink frogs (Lair:1)
  Prince Ribbit (D:6)
  2 orc warriors
  Sigmund (D:2)
  4 yaks
  2 hippogriffs
  2 water moccasins (Lair:2)
  2 porcupines
  2 ice beasts
  5 sky beasts
  A black bear (D:8)
  3 ogres
  A wasp (D:8)
  A centaur (D:6)
  4 crocodiles
  3 elf zombies (Ossuary)
  The ghost of Mefis the Magician, an amateur DEWz of Sif Muna (D:4)
  6 giant frogs
  5 scorpions
  5 wights (D:6)
  3 crimson imps
  A howler monkey (D:6)
  A quasit (D:6)
  A human zombie (Ossuary)
  5 hounds
  2 jellies
  2 centaur zombies
  An orc priest (D:8)
  A centaur skeleton (D:7)
  2 iguanas
  2 orc wizards
  Natasha (thrice) (D:2)
  4 worker ants
  A killer bee zombie (D:7)
  2 hound zombies (Ossuary)
  4 mummies
  A worker ant zombie (D:6)
  A howler monkey zombie (D:7)
  21 adders
  8 river rats
  A shadow imp (D:8)
  An ooze (D:3)
  6 adder zombies
  2 worms
  2 adder skeletons
  3 dart slugs
  4 giant geckos
  32 orcs
  8 giant cockroaches
  5 goblins
  15 hobgoblins
  22 jackals
  3 quokkas
  6 ball pythons
  10 bats
  A giant gecko skeleton (D:5)
  A giant gecko zombie (D:7)
  6 giant newts
  3 gnoll zombies (Ossuary)
  3 goblin zombies (Ossuary)
  4 hobgoblin zombies (Ossuary)
  4 jackal zombies (Ossuary)
  22 kobolds
  4 kobold zombies (Ossuary)
  4 quokka zombies (Ossuary)
  23 rats
  3 rat zombies (Ossuary)
327 creatures vanquished.

Vanquished Creatures (collateral kills)
  An orc priest (D:6)
  2 adders
  An ooze (D:1)
  An orc (D:6)
  A quokka (D:2)
  A bat (D:2)
  A rat (D:1)
8 creatures vanquished.

Vanquished Creatures (others)
  An orc wizard (D:6)
1 creature vanquished.

Grand Total: 336 creatures vanquished

Notes
Turn   | Place    | Note
--------------------------------------------------------------
     0 | D:1      | hannobal the Naga Artificer began the quest for the Orb.
     0 | D:1      | Reached XP level 1. HP: 18/18 MP: 3/3
   389 | D:1      | Reached XP level 2. HP: 25/25 MP: 4/4
   799 | D:1      | Reached XP level 3. HP: 6/31 MP: 5/5
  1151 | D:1      | Gained mutation: You have a pair of small horns on your head. [potion of mutation]
  1151 | D:1      | Gained mutation: You are partially covered in large bone plates (AC +2, SH +2). [potion of mutation]
  1635 | D:2      | Reached XP level 4. HP: 19/39 MP: 6/6
  1912 | D:2      | Found a shattered altar of Ashenzari.
  2006 | D:2      | Noticed Natasha
  2019 | D:2      | Your ally died
  2019 | D:2      | Reached skill level 1 in Polearms
  2127 | D:2      | Found an oddly glowing altar of Pakellas.
  2131 | D:2      | Became a worshipper of Pakellas the Inventive
  2161 | D:2      | Noticed Sigmund
  2265 | D:3      | Found a faded altar to an unknown god.
  2338 | D:3      | Reached XP level 5. HP: 46/46 MP: 7/7
  2374 | D:3      | Noticed Bubs's ghost (novice FoFi)
  2645 | D:2      | Killed Sigmund
  2645 | D:2      | Reached * piety under Pakellas
  2645 | D:2      | Received a gift from Pakellas
  2645 | D:2      | Reached XP level 6. HP: 32/58 MP: 1/8
  2946 | D:2      | Noticed Natasha
  2953 | D:2      | Killed Natasha
  3233 | D:2      | Reached skill level 5 in Fighting
  3267 | D:2      | Noticed Natasha
  3277 | D:2      | Killed Natasha
  3716 | D:3      | Noticed a sky beast
  3752 | D:2      | Killed a sky beast
  3752 | D:2      | Reached XP level 7. HP: 30/67 MP: 2/9
  4048 | D:3      | Reached ** piety under Pakellas
  4048 | D:3      | Received a gift from Pakellas
  4104 | D:3      | Lost mutation: You are partially covered in large bone plates (AC +2, SH +2). [potion of cure mutation]
  4104 | D:3      | Lost mutation: You have a pair of small horns on your head. [potion of cure mutation]
  4142 | D:3      | Reached skill level 2 in Short Blades
  4355 | D:3      | Found an iron altar of Okawaru.
  5014 | D:4      | Reached skill level 3 in Short Blades
  5111 | D:4      | Reached *** piety under Pakellas
  5111 | D:4      | Received a gift from Pakellas
  5225 | D:4      | Found a staircase to the Ecumenical Temple.
  5233 | Temple   | Entered the Ecumenical Temple
  5240 | D:4      | Noticed Mefis's ghost (amateur DEWz)
  5247 | D:4      | Killed Mefis's ghost
  5279 | D:4      | Got a faintly glowing dagger
  5280 | D:4      | Identified the +11 dagger of the Lurker {pain, +Fly Str+6 Stlth+} (You found it on level 4 of the Dungeon)
  5284 | D:4      | Learned a level 2 spell: Corpse Rot
  5493 | D:4      | Reached skill level 1 in Necromancy
  5493 | D:4      | Reached XP level 8. HP: 69/74 MP: 9/11
  5599 | D:5      | Entered Level 5 of the Dungeon
  5684 | D:5      | Noticed Grinder
  5705 | D:5      | Paralysed by Grinder for 6 turns
  5728 | D:5      | Killed Grinder
  5728 | D:5      | Reached skill level 4 in Short Blades
  5855 | D:5      | Reached skill level 5 in Short Blades
  5915 | D:5      | Upgraded the game from 0.18.1-5-g4a78601 to 0.18.1-6-gd335043
  6059 | D:5      | Found a sand-covered staircase.
  6072 | Ossuary  | Entered an ossuary
  6144 | Ossuary  | Reached **** piety under Pakellas
  6144 | Ossuary  | Received a gift from Pakellas
  6199 | Ossuary  | Reached skill level 6 in Short Blades
  6295 | Ossuary  | Reached skill level 5 in Evocations
  6395 | Ossuary  | Reached XP level 9. HP: 80/81 MP: 12/12
  6779 | D:5      | Reached skill level 7 in Short Blades
  7140 | D:6      | Gained mutation: Your tail ends in a poisonous barb. [potion of beneficial mutation]
  7259 | D:6      | Found a glowing drain.
  7264 | Sewer    | Entered a sewer
  7433 | Sewer    | Reached ***** piety under Pakellas
  7433 | Sewer    | Received a gift from Pakellas
  7559 | Sewer    | Reached skill level 8 in Short Blades
  8289 | D:6      | Reached skill level 9 in Short Blades
  9069 | D:6      | Reached skill level 10 in Short Blades
  9242 | D:6      | Noticed Prince Ribbit
  9247 | D:6      | Killed Prince Ribbit
  9247 | D:6      | Reached XP level 10. HP: 88/88 MP: 13/13
  9454 | D:7      | Found a sacrificial altar of Ru.
  9722 | D:7      | Found a glowing golden altar of the Shining One.
 10018 | D:8      | Found a sparkling altar of Nemelex Xobeh.
 10138 | D:8      | Found a staircase to the Lair.
 10230 | D:8      | Gained mutation: Your mind is acute. (Int +2) [potion of beneficial mutation]
 11141 | D:8      | Found a shimmering altar of Xom.
 11147 | D:8      | Found an iron altar of Okawaru.
 11150 | D:8      | Found a blossoming altar of Fedhas.
 11205 | Lair:1   | Entered Level 1 of the Lair of Beasts
 11499 | Lair:1   | Noticed a black mamba
 11552 | Lair:1   | Noticed a spiny frog
 11558 | Lair:1   | Killed a spiny frog
 11558 | Lair:1   | Reached skill level 5 in Necromancy
 11606 | Lair:1   | Noticed a black mamba
 11609 | Lair:1   | Killed a black mamba
 11630 | Lair:1   | Got a shimmering wooden ring
 11632 | Lair:1   | Identified the ring "Ifean" {+Fly rN+ Str+3} (You found it on level 1 of the Lair of Beasts)
 11781 | Lair:1   | Reached skill level 5 in Stealth
 11781 | Lair:1   | Reached XP level 11. HP: 81/100 MP: 16/16
 11983 | Lair:1   | Noticed a six-headed hydra
 11991 | Lair:1   | Killed a six-headed hydra
 12010 | Lair:1   | Reached ****** piety under Pakellas
 12274 | Lair:1   | Reached skill level 5 in Dodging
 12723 | Lair:2   | HP: 2/150 [black mamba (9)]
 12723 | Lair:2   | Demolished by a komodo dragon

Skill      XL: |  1  2  3  4  5  6  7  8  9 10 11 |
---------------+----------------------------------+-----
Dodging        | 2 3 5 |  5.9
Fighting       | 2 4 5 7 |  7.0
Polearms       | 2 3 4 |  4.0
Short Blades   | 3 6 10 | 10.1
Evocations     | 4 5 7 |  7.0
Necromancy     | 1 3 5 |  5.5
Armour         | 2 |  2.0
Stealth        | 5 7 |  7.1

Action                   |  1- 3 |  4- 6 |  7- 9 | 10-12 || total
-------------------------+-------+-------+-------+-------++-------
Melee: Short sword       |    57 |       |       |       ||    57
       Spear             |    16 |   157 |    15 |       ||   188
       Headbutt          |     3 |    17 |     4 |       ||    24
       Dagger            |       |       |   453 |   215 ||   668
       Tailslap          |       |       |    25 |    43 ||    68
       Staff             |       |       |       |     1 ||     1
 Fire: Hunting sling     |       |       |    19 |       ||    19
       Shortbow          |       |       |     5 |       ||     5
Throw: Stone             |       |    14 |    36 |       ||    50
       Tomahawk          |       |       |     1 |     6 ||     7
Invok: Quick Charge      |       |       |     2 |     2 ||     4
 Abil: Spit Poison       |    16 |    24 |    31 |     6 ||    77
Evoke: Wand              |    12 |    36 |    28 |     6 ||    82
       Rod               |       |       |     3 |       ||     3
       Disc of storms    |       |       |       |     3 ||     3
       Sack of spiders   |       |       |       |     3 ||     3
  Use: Potion            |     6 |     1 |     2 |     8 ||    17
       Scroll            |     5 |     2 |    10 |     4 ||    21
 Stab: Sleeping          |       |     1 |    12 |    15 ||    28
       Paralysed         |       |       |     5 |       ||     5
  Eat: Chunk             |     2 |     7 |    17 |     2 ||    28
       Beef jerky        |       |       |       |     6 ||     6
       Fruit             |       |       |       |     4 ||     4
       Pizza             |       |       |       |     1 ||     1
Armor: Leather armour    |    31 |    40 |   138 |    39 ||   248
       Skin              |       |       |       |    43 ||    43
Dodge: Dodged            |    46 |    64 |   194 |    79 ||   383
Block: Other             |     1 |    10 |     1 |       ||    12
